 Dungeon Crawl Stone Soup version 0.24.0-123-gd5b16e6ec5 (webtiles) character file.

Game seed: 14388755182477493590, levelgen mode: deterministic

1516 Mrkan the Cleaver (level 8, 0/71 HPs)
             Began as a Hill Orc Fighter on Dec 31, 2019.
             Was a Believer of Wu Jian.
             Succumbed to an orc wizard's poison
             ... on level 6 of the Dungeon.
             The game lasted 00:06:09 (5209 turns).

Mrkan the Cleaver (Hill Orc Fighter)                Turns: 5209, Time: 00:06:09

Health: 0/71       AC: 11    Str: 19    XL:     8   Next: 83%
Magic:  8/8        EV:  7    Int:  8    God:    Wu Jian [**....]
Gold:   380        SH: 10    Dex: 12    Spells: 7/7 levels left

rFire    + . .     SeeInvis .   a - +0 war axe
rCold    + . .     Gourm    .   c - +0 shield
rNeg     . . .     Faith    .   b - +0 scale mail
rPois    +         Spirit   .   r - +1 helmet
rElec    +         Reflect  .   z - +0 cloak
rCorr    +         Harm     .   (no gloves)
MR       .....                  (no boots)
Stlth    ..........             (no amulet)
HPRegen  0.21/turn              (no ring)
MPRegen  0.11/turn              (no ring)

@: lethally poisoned (0 -> -38), resistant
A: no striking features
a: Wall Jump, Renounce Religion


You were on level 6 of the Dungeon.
You worshipped Wu Jian.
Wu Jian was pleased with you.
You were hungry.

You visited 1 branch of the dungeon, and saw 6 of its levels.
You also visited: Sewer.

You collected 380 gold pieces.

Inventory:

Hand Weapons
 a - a +0 war axe (weapon)
Armour
 b - a +0 scale mail (worn)
 c - a +0 shield (worn)
 r - a +1 helmet (worn)
 z - a +0 cloak (worn)
Jewellery
 j - a +3 ring of slaying {unknown}
 k - a +4 ring of dexterity {unknown}
 o - an uncursed ring of flight {unknown}
 D - an uncursed amulet of the gourmand {unknown}
 E - a +2 ring of strength {unknown}
Scrolls
 g - a scroll of blinking {unknown}
 h - a scroll of enchant weapon {unknown}
 i - a scroll of enchant armour {unknown}
 l - a scroll of magic mapping {unknown}
 m - 6 scrolls of identify {unknown}
 p - 2 scrolls of noise {unknown}
 q - 3 scrolls of teleportation {unknown}
 w - a scroll of immolation {unknown}
 x - a scroll of remove curse {unknown}
 y - 2 scrolls of fear {unknown}
 F - a scroll of random uselessness {unknown}
 H - a scroll of acquirement {unknown}
Potions
 d - 3 potions of might
 n - a potion of cancellation {unknown}
 s - a potion of mutation {unknown}
 t - 2 potions of flight {unknown}
 u - 7 potions of curing {unknown}
 v - 2 potions of heal wounds {unknown}
 A - a potion of invisibility {unknown}
 B - a potion of haste {unknown}
 C - a potion of brilliance {unknown}
Comestibles
 f - 10 rations
 G - 6 chunks of flesh


   Skills:
 + Level 6.8 Fighting
 * Level 9.2 Axes
 + Level 6.1 Armour
 + Level 6.1 Shields


You had 7 spell levels left.
You didn't know any spells.
Your spell library was empty.

Dungeon Overview and Level Annotations

Branches:
Dungeon (6/15)              Sewer (visited)
 Temple: D:4-7

Altars:
Ashenzari
Wu Jian
Yredelemnul


Message History

The orc wizard mumbles some strange words.
The orc wizard blinks!
You completely miss the orc.
* * * LOW HITPOINT WARNING * * *
You feel very sick.
The orc wizard mumbles some strange words.
The orc wizard blinks!
You block the orc's attack.
You hit the orc.
You kill the orc!
The Council accepts your kill.
* * * LOW HITPOINT WARNING * * *
You feel very sick.
* * * LOW HITPOINT WARNING * * *
You feel very sick.
Items here: )))) [[[ †
* * * LOW HITPOINT WARNING * * *
You feel very sick.
It was a potion of resistance.
You feel protected.
You die...

#################
..........)...... #
#####..######### ##.
##..#########
###...######............
.......@)..............#
###...######.########..#
..... #.#...# #..# ####
###.#.# ##..#
#.#.###...# ##.#....#..#
#..###.###.#
#.......#..#
######.#....


There were no monsters in sight!

Vanquished Creatures
  Sigmund (D:2)
  A sky beast (D:5)
  An ice beast (D:5)
  4 ogres
  A big kobold (Sewer)
  2 bullfrogs
  A water moccasin zombie (D:5)
  A crimson imp (D:5)
  A howler monkey (D:5)
  2 hounds
  A jelly (D:5)
  A centaur skeleton (D:5)
  5 orc wizards
  4 worker ants (D:4)
  A worker ant zombie (D:5)
  3 gnolls (D:2)
  2 adders
  2 river rats (Sewer)
  4 oozes
  2 adder skeletons
  A worm (D:2)
  A dart slug (D:2)
  6 leopard geckos
  7 orcs
  10 giant cockroaches
  7 goblins
  4 hobgoblins
  A jackal (Sewer)
  12 kobolds
  2 quokkas
  2 ball pythons (D:3)
  6 bats
  3 frilled lizards
  6 rats
108 creatures vanquished.

Notes
Turn   | Place    | Note
-------+----------+-------------------------------------------
     0 | D:1      | Mrkan the Hill Orc Fighter began the quest for the Orb.
     0 | D:1      | Reached XP level 1. HP: 19/19 MP: 1/1
    70 | D:1      | Reached skill level 3 in Axes
   118 | D:1      | Reached XP level 2. HP: 25/27 MP: 2/2
   914 | D:2      | Reached XP level 3. HP: 32/33 MP: 3/3
   968 | D:2      | Reached skill level 4 in Axes
   973 | D:2      | Reached XP level 4. HP: 21/40 MP: 4/4
  1235 | D:2      | Found an ornate altar of the Wu Jian Council.
  1306 | D:2      | Became a worshipper of the Wu Jian Council
  1377 | D:2      | Noticed Sigmund
  1389 | D:2      | Killed Sigmund
  1389 | D:2      | Reached skill level 5 in Axes
  1389 | D:2      | Reached XP level 5. HP: 30/47 MP: 5/5
  1661 | D:3      | Reached XP level 6. HP: 32/53 MP: 6/6
  1820 | D:3      | Found a glowing drain.
  1821 | D:3      | Reached * piety under Wu Jian
  1840 | Sewer    | Entered a sewer
  1919 | Sewer    | Reached skill level 5 in Fighting
  1939 | Sewer    | Found a glowing silver altar of Zin.
  2089 | D:3      | Reached skill level 6 in Axes
  2697 | D:4      | Reached XP level 7. HP: 43/61 MP: 7/7
  3100 | D:4      | Reached skill level 5 in Armour
  3100 | D:4      | Reached skill level 5 in Shields
  3191 | D:4      | Reached skill level 7 in Axes
  3781 | D:4      | Found a shattered altar of Ashenzari.
  4010 | D:5      | Entered Level 5 of the Dungeon
  4025 | D:5      | Found a basalt altar of Yredelemnul.
  4032 | D:5      | Reached XP level 8. HP: 21/70 MP: 8/8
  4043 | D:5      | Reached skill level 8 in Axes
  4973 | D:5      | Reached ** piety under Wu Jian
  5099 | D:6      | Reached skill level 9 in Axes
  5208 | D:6      | HP: 3/71 [poisoned by an orc wizard]
  5209 | D:6      | Succumbed to an orc wizard's poison

Levels and vault maps discovered:
D:1:      minmay_arrival_hallway, layout_loops_ring
D:2:      layout_rooms, old_standard_altar, uniq_sigmund
D:3:      layout_basic, first_ration, gup_sewer_entry_pipe
D:4:      layout_basic, lemuel_crystal_altar
D:5:      layout_loops_ring, yredelemnul_altar_generic
D:6:      layout_loops_ring, lemuel_coloured_pillars_altar, slow_altar_1,
          gammafunk_temple_overflow_forgotten, minmay_temple_entry_purple_smoke,
          minmay_pentangle

Skill      XL: |  1  2  3  4  5  6  7  8 |
---------------+-------------------------+-----
Axes           | 3 4 5 6 7 9 |  9.2
Fighting       | 4 5 6 |  6.8
Armour         | 4 5 6 |  6.1
Shields        | 4 5 6 |  6.1

Action                   |  1- 3 |  4- 6 |  7- 9 || total
-------------------------+-------+-------+-------++-------
Melee: War axe           |    68 |   150 |   202 ||   420
Invok: Lunge             |       |     7 |    11 ||    18
       Whirlwind         |       |     1 |     8 ||     9
  Use: Potion            |       |       |     1 ||     1
  Eat: Chunk             |       |     6 |     1 ||     7
       Ration            |       |       |     2 ||     2
Armor: Scale mail        |    25 |    63 |    69 ||   157
Dodge: Dodged            |    26 |    41 |    36 ||   103
Block: Shield            |    35 |    80 |    72 ||   187
